 Dungeon Crawl Stone Soup version 0.27-a0-819-g058290f16d (webtiles) character file.

Game seed: 2111930454211075157

27 robertstho the Magician (level 3, -8/27 HPs)
             Began as a Djinni Ice Elementalist on Mar 29, 2021.
             Killed by an exploding kobold zombie (18 damage)
             ... ignited by their inner flame
             ... on level 4 of the Dungeon.
             The game lasted 00:01:50 (1585 turns).

robertstho the Magician (Djinni Ice Elementalist)   Turns: 1585, Time: 00:01:52

Health: -8/27      AC:  2    Str:  7    XL:     3   Next: 10%
Gold:   73         EV: 12    Int: 17    God:
                   SH:  0    Dex: 13

rFire    + + .     SeeInvis .   j - +0 whip (holy)
rCold    x . .     Faith    .   (no shield)
rNeg     . . .     Spirit   .   a - +0 robe
rPois    ∞         Reflect  .   (no helmet)
rElec    .         Harm     .   (no cloak)
rCorr    .         Rampage  .   (no gloves)
Will     .....                  (boots unavailable)
Stlth    ++........             (no amulet)
HPRegen  0.09/turn              (no ring)
MPRegen  0.00/turn              (no ring)

@: flying
A: fire resistance 2, cold vulnerability 1, float, innate caster, hp casting,
extra vitality 1
a: no special abilities


You were on level 4 of the Dungeon.
You visited 1 branch of the dungeon, and saw 3 of its levels.

You collected 73 gold pieces.

Inventory:

Hand Weapons
 c - a +0 short sword
 g - a +1 dagger of venom
 j - a +0 whip of holy wrath (weapon)
Armour
 a - a +0 robe (worn)
 m - +0 acid dragon scales
Scrolls
 e - a scroll of holy word {unknown}
 f - a scroll of fear {unknown}
 h - a scroll of fog {unknown}
 l - a scroll of amnesia {unknown}
 n - a scroll of enchant armour {unknown}
Potions
 i - a potion of invisibility {unknown}
 k - a potion of heal wounds {unknown}


   Skills:
 * Level 1.0 Fighting
 + Level 2.2 Dodging
 + Level 1.9 Stealth
 * Level 4.0 Spellcasting


You couldn't memorise any spells.
You knew the following spells:

 Your Spells              Type           Power      Damage    Failure   Level
a - Freeze                Ice            68%        1d8       3%          1
b - Frozen Ramparts       Ice            34%        1d5       9%          3
c - Ozocubu's Armour      Ice            17%        N/A       9%          3
d - Hailstorm             Conj/Ice       17%        3d6       28%         4
e - Summon Ice Beast      Ice/Summ       17%        N/A       28%         4
f - Foxfire               Conj/Fire      68%        2x1d7     3%          1
Your spell library was empty.

Dungeon Overview and Level Annotations

Branches:
Dungeon (2/15)

Altars:
The Shining One

Shops:
D:1 (


Innate Abilities, Weirdness & Mutations

You are immune to poison.
Your flesh is very heat resistant. (rF++)
You are vulnerable to cold. (rC-)
You float through the air rather than walking.
You learn spells naturally, not from books.
Your magical power is your life essence.
You have superior vitality. (+4 HP)


Message History

The hobgoblin zombie closely misses you.
The kobold skeleton hits your hobgoblin but does no damage.
The kobold skeleton hits your jelly.
The acid corrodes the kobold skeleton!
The kobold skeleton is burned by acid!
You hit the hobgoblin zombie.
You destroy the hobgoblin zombie!
Your hobgoblin hits the kobold skeleton.
The kobold skeleton is destroyed!
Your jelly hits the kobold skeleton.
The kobold skeleton is splashed with acid.
The kobold skeleton seems to be corroded for longer.
The kobold skeleton is destroyed!
The kobold skeleton barely misses your hobgoblin.
The kobold zombie closely misses you.
As you read the scroll labelled WON WAONOKK, it crumbles to dust.
The creatures around you are filled with an inner flame!
It was a scroll of immolation.
The kobold zombie hits your jelly. Flame seeps out of your jelly.
The kobold zombie is burned by acid!
Flame seeps out of the kobold zombie.
The white imp barely misses you.
Your jelly is engulfed in blazing flames.
Your jelly explodes!
The fiery explosion engulfs the goblin skeleton!!
The fiery explosion engulfs the kobold zombie!!
The fiery explosion engulfs your hobgoblin!!
Your hobgoblin's corpse dissolves into shadows!
Your hobgoblin explodes!
The fiery explosion engulfs the kobold skeleton!!
The kobold skeleton explodes!
The kobold zombie explodes!
The fiery explosion engulfs the hobgoblin zombie!!!
The hobgoblin zombie explodes!
The goblin skeleton explodes!
The fiery explosion engulfs you! You resist.
The fiery explosion engulfs the white imp!!!
The white imp is burned terribly!
The white imp explodes!
The fiery explosion engulfs you. You resist.
The fiery explosion engulfs the kobold zombie!!
The kobold zombie explodes!
The fiery explosion engulfs you!! You resist.
Ouch! That really hurt!
You die...

.. ..
.#Z.#
##§#Z#
.§§§.#
§§○§.##
§○§§...
##.§§§..#
#@§§§§.#
##§#+###
##


You could see a hobgoblin zombie (inner flame) and a kobold skeleton (inner
flame).

Vanquished Creatures
  A white imp (D:4)
  3 bats
  2 endoplasms (D:1)
  A giant cockroach (D:1)
  3 goblins (D:1)
  A hobgoblin (D:1)
  A quokka (D:1)
  4 ball pythons
  4 frilled lizards
  A goblin skeleton (D:4)
  2 hobgoblin zombies (D:4)
  5 kobolds (D:1)
  A kobold skeleton (D:4)
  2 kobold zombies (D:4)
31 creatures vanquished.

Vanquished Creatures (collateral kills)
  2 kobold skeletons (D:4)
2 creatures vanquished.

Grand Total: 33 creatures vanquished

Notes
Turn   | Place    | Note
-------+----------+-------------------------------------------
     0 | D:1      | robertstho the Djinni Ice Elementalist began the quest for
                  | the Orb.
     0 | D:1      | Reached XP level 1. HP: 15/15 MP: 0/0
   392 | D:1      | Reached XP level 2. HP: 11/22 MP: 0/0
  1103 | D:1      | Reached skill level 1 in Fighting
  1160 | D:1      | Found Tialabre's Antique Weapon Emporium.
  1343 | D:1      | Reached skill level 4 in Spellcasting
  1536 | D:2      | Reached XP level 3. HP: 27/27 MP: 0/0
  1536 | D:2      | Learned a level 1 spell: Foxfire
  1580 | D:2      | You are sucked into a shaft and drop 2 floors!
  1580 | D:4      | Found a glowing golden altar of the Shining One.
  1585 | D:4      | Killed by an exploding kobold zombie... ignited by their
                  | inner flame

Illustrated notes

Levels and vault maps discovered:
D:1:      elethiomel_arrival_infinity_welcomes_careful_drivers,
          layout_loops_corners, serial_shops, shop
D:2:      layout_basic, corexii_leaking_fountain
D:4:      layout_basic, fedhas_altar_fruit_tree, bloody_trog,
          lemuel_crystal_altar, nicolae_overflow_hidden_temple,
          ebering_ghost_disaster_area, serial_rivers,
          chequers_serial_rivers_micro_c, chequers_serial_rivers_micro_c,
          chequers_serial_rivers_micro_b, chequers_serial_rivers_small_a,
          chequers_serial_rivers_room_b, nicolae_tso_besieged_by_evil,
          uniq_eustachio

Skill      XL: |  1  2 |
---------------+-------+-----
Fighting       | 1 |  1.0
Spellcasting   | 4 |  4.0
Dodging        | |  2.2
Stealth        | |  1.9

Action                   || total
-------------------------++-------
Melee: Short sword       ||    18
       Dagger            ||     7
       Whip              ||     2
 Cast: Freeze            ||    19
  Use: Scroll            ||     2
 Stab: Sleeping          ||     7
Armor: Robe              ||     8
Dodge: Dodged            ||    26

Table legend: (Time is in decaauts)
 A = Elapsed time spent in this place.
 B = Non-inter-level travel time spent in this place.
 C = Inter-level travel time spent in this place.
 D = Time resting spent in this place.
 E = Time spent auto-exploring this place.
 F = Levels seen in this place.
 G = Mean time per level.
                   A        B        C        D        E       F      G
               +--------+--------+--------+--------+--------+-----+--------+
         Total |   1585 |   1548 |     37 |      0 |   1390 |   3 |  528.3 |
       Dungeon |   1585 |   1548 |     37 |      0 |   1390 |   3 |  528.3 |
               +--------+--------+--------+--------+--------+-----+--------+

Top non-repeatable levels by time:
     D:1: 1533 daAuts
     D:2: 46 daAuts
     D:4: 4 daAuts
